woodfighter, chaotic female human Wizard ------------ ## ............####------ |%.........| ##.....| +.........%| # |.....# |.........'@### |.%..|# ------------### .<...|# ------### # ### ####### ###---|-------- #...........| |..........| |........*.| ------------ woodfighter the Thaumaturge Experience level: 6 Strength: 8 Dexterity: 11 Constitution: 10 Intelligence: 19 Wisdom: 19 Charisma: 9 Health: 0(42) Energy: 84(95) Def: 1 Gold: 890 Moves: 3238 Dungeon seed: xvIwWRtKzEYdbIl0 Game ID: woodfighter_1558531458 Your Inventory: Coins $ - 890 gold pieces Amulets h - an uncursed amulet of unchanging (being worn) Weapons a - a blessed +1 quarterstaff (weapon in hands) Armor e - an uncursed +0 cloak of magic resistance (being worn) y - a cursed -4 pair of levitation boots Comestibles B - 5 uncursed food rations H - an uncursed tin of spinach Scrolls i - an uncursed scroll of magic mapping k - a blessed scroll of teleportation l - 4 uncursed scrolls of scare monster s - an uncursed scroll of light x - a cursed scroll of identify Potions f - an uncursed potion of restore ability g - an uncursed potion of speed m - an uncursed potion of extra healing r - a blessed potion of gain ability v - a cursed potion of restore ability A - a cursed potion of object detection D - an uncursed potion of sleeping F - a cursed potion of gain ability G - a blessed potion of gain energy Rings w - a cursed -1 ring of adornment z - a cursed -1 ring of increase damage Wands d - a wand of nothing (0:7) Gems n - an uncursed worthless piece of orange glass q - 2 uncursed worthless pieces of blue glass Spells and supernatural/magical abilities: Name Level Category Fail Memory a - force bolt 1 attack 0% 84% l - light 1 divination 0% 84% W - pray for help -- divine ? -- Your skills at the end: Miscellaneous Skills wands [Basic] Weapon Skills quarterstaff [Basic] Spellcasting Skills attack spells [Basic] enchantment spells [Basic] Final Attributes: You were piously aligned. You were magic-protected. You were telepathic. You were somewhat stealthy. You could not change from your current form. You are dead. Vanquished creatures: a dog 2 soldier ants 2 wood nymphs a rock mole a rock piercer a puppy 2 floating eyes a kitten a kobold lord 2 iguanas a rothe 4 jitterbugs 2 giant bats 4 orc zombies 3 coyotes a gas spore a hobbit an acid blob 2 large kobolds 3 geckos 2 giant rats a cave spider a red mold 9 manes 7 jackals 2 foxes a kobold 4 newts 4 goblins 3 grid bugs 2 bats 5 lichens 2 kobold zombies 79 creatures vanquished. Voluntary challenges: You did not cause conflict. You were not invisible. You did not have reflection. You were not displaced. You used a wielded weapon 108 times, starting on turn 38. You did not use containers. You did not apply a unicorn horn. You did not use plumbed fixtures. You did not drink any magical draughts. You were illiterate. You never genocided any monsters. You never polymorphed an object. You never changed form. You used no wishes. You never split a pudding. You never wrote Elbereth's name. You never violated your personal moral code. Dungeon overview: The Dungeons of Doom: levels 1 to 8 Level 1 (boxes) some fountains, a sink a long staircase Level 2 (water) a fountain stairs to The Gnomish Mines Level 3 (box) a fountain Level 4 a general store Level 5 an altar to Ptah Level 6 some fountains Level 7 (boxes) Level 8 <- You were here The Gnomish Mines: Level 3 stairs to The Dungeons of Doom History has recorded: On T:1 you entered the Dungeons of Doom to retrieve the Amulet of Yendor! On T:126 you reached level 2 of The Dungeons of Doom. On T:516 you advanced to experience level 2. On T:728 you reached level 3 of The Dungeons of Doom. On T:749 you reached level 1 of The Gnomish Mines. On T:852 you reached level 4 of The Dungeons of Doom. On T:856 you advanced to experience level 3. On T:1199 you advanced to experience level 4. On T:1628 you reached level 5 of The Dungeons of Doom. On T:1735 you advanced to experience level 5. On T:1893 you reached level 6 of The Dungeons of Doom. On T:2226 you reached level 7 of The Dungeons of Doom. On T:2794 you advanced to experience level 6. On T:3125 you reached level 8 of The Dungeons of Doom. On T:3154 you prayed to Anhur. Score breakdown: Gold: 890 ( 89 points) Experience: 6 levels ( 500 points) Exploration: 8 levels ( 210 points) Discoveries: 19 items ( 950 points) Variety of kills: 33 monsters ( 1650 points) Major goal: (nothing yet) ( 0 points) Survival: died (score multiplied by 3) Total score: 10197 Latest messages: The spell misses the rock piercer. The rock piercer bumps right into you! You hit the rock piercer. You hit the rock piercer! You hit the rock piercer. You kill the rock piercer! You see here a tin. H - a tin. $ - 115 gold pieces. You see here 7 rocks. You stop exploring. You kill the gecko! You stop exploring. The spell misses the soldier ant. The soldier ant bites! The soldier ant stings! The spell hits the soldier ant! The soldier ant bites! The soldier ant stings! The spell hits the soldier ant! You kill the soldier ant! The straw golem claws you! (2x) You die... Final status: Goodbye woodfighter the Wizard, killed by a straw golem... You died in The Dungeons of Doom on dungeon level 8 with 10197 points, and 890 pieces of gold, after 3238 moves. You were level 6 with a maximum of 42 hit points when you died.